 Dungeon Crawl Stone Soup version 0.20-a0-464-g526fb3c (webtiles) character file.

80 esc the Grave Robber (level 4, 0/38 HPs)
             Began as a Hill Orc Necromancer on Jan 11, 2017.
             Slain by a rat (3 damage)
             ... on level 2 of the Dungeon.
             The game lasted 00:04:55 (1368 turns).

esc the Grave Robber (Hill Orc Necromancer)         Turns: 1368, Time: 00:04:56

Health: 0/38       AC:  3    Str: 11    XL:     4   Next: 39%
Magic:  3/6        EV: 13    Int: 15    God:
Gold:   24         SH:  0    Dex: 11    Spells: 5/6 levels left

rFire  . . .     SeeInvis .     o - +0 whip (elec)
rCold  . . .     Gourm    .     a - +0 robe
rNeg   . . .     Faith    .     (no shield)
rPois  .         Spirit   .     (no helmet)
rElec  .         Reflect  .     (no cloak)
rCorr  .         Harm     .     (no gloves)
MR     .....                    (no boots)
Stlth  +++.......               (no amulet)
                                (no ring)
                                l - ring of stealth {Stlth+}

@: very slightly contaminated
A: shaggy fur 1
a: no special abilities


You were on level 2 of the Dungeon.
You were not hungry.

You visited 1 branch of the dungeon, and saw 2 of its levels.

You collected 24 gold pieces.

Inventory:

Hand Weapons
 d - a +0 short sword
   (You took it off a kobold on level 1 of the Dungeon)
 o - a +0 whip of electrocution (weapon)
   (You took it off a kobold on level 2 of the Dungeon)
Armour
 a - a +0 robe (worn)
Jewellery
 i - an uncursed ring of magical power {MP+9}
   (You found it on level 1 of the Dungeon)
 l - a ring of stealth (left hand) {Stlth+}
   (You took it off a goblin on level 1 of the Dungeon)
Scrolls
 e - 2 scrolls of amnesia
 k - a scroll of identify {unknown}
 n - a scroll of immolation {unknown}
Potions
 f - a potion of lignification {!q}
Books
 b - a book of Necromancy
Comestibles
 c - 2 bread rations {@e1}
 m - a chunk of flesh {@w0}


   Skills:
 + Level 3.1 Fighting
 + Level 2.8 Dodging
 - Level 1.5 Stealth
 - Level 1.5 Spellcasting
 - Level 4.0 Necromancy


You had 5 spell levels left.
You knew the following spells:

 Your Spells              Type           Power        Failure   Level  Hunger
a - Pain                  Necr           ##..         6%          1    ##.....


Dungeon Overview and Level Annotations

Branches:
Dungeon (2/15)

Altars:


Innate Abilities, Weirdness & Mutations

You are covered in fur. (AC +1)


Message History

The white imp hits you but does no damage.
You hit the white imp but do no damage. The white imp hits you.
The white imp freezes you.
You take 8 damage, and have 18/43 hp.
You barely miss the white imp.
The white imp hits you but does no damage.
You hit the white imp.
The white imp hits you but does no damage. x2
The white imp gestures at you. The puff of frost hits you!
You hit the white imp.
The white imp hits you but does no damage.
The crimson imp blinks!
The white imp barely misses you.
You hit the white imp but do no damage. The white imp gestures at you.
The puff of frost hits you! The white imp gestures at you.
The puff of frost hits you!
You take 5 damage, and have 14/43 hp.
You hit the white imp but do no damage.
The white imp disappears in a puff of smoke!
The white imp hits you but does no damage.
You barely miss the white imp.
The white imp hits you but does no damage.
Natasha mumbles some strange words.
You closely miss the white imp.
The white imp hits you but does no damage.
Natasha casts a spell at you. The magic dart hits you!
The white imp hits you but does no damage.
You hit the white imp. The white imp hits you.
* * * LOW HITPOINT WARNING * * *
The white imp freezes you.
* * * LOW HITPOINT WARNING * * *
You take 4 damage, and have 10/43 hp.
You closely miss Natasha. Natasha claws you but does no damage.
The white imp gestures at you. The puff of frost hits you!
You barely miss Natasha.
The white imp disappears in a puff of smoke!
Natasha claws you but does no damage.
You closely miss Natasha.
Natasha stares at you and mumbles some strange words.
You feel yourself slow down.
Okay, then.
You barely miss Natasha.
Natasha stares at you and mumbles some strange words.
The magic dart hits you!
The crimson imp blinks!
Natasha claws you.
* * * LOW HITPOINT WARNING * * *
You take 5 damage, and have 6/43 hp.
You closely miss Natasha.
The crimson imp disappears in a puff of smoke!
Natasha claws you.
* * * LOW HITPOINT WARNING * * *
You take 3 damage, and have 3/43 hp.
You hit Natasha.
There is a sudden explosion of sparks!
You kill Natasha!
Natasha screams in fury as she dies!
Put on which piece of jewellery? (? for menu, Esc to quit)
You remove your ring of magical power {MP+9}.
You feel your magic capacity decrease.
You now have 5/5 mp.
Put on which piece of jewellery? (? for menu, Esc to quit)
l - a ring of stealth (left branch) Put on which piece of jewellery? (? for menu, Esc to quit)
Okay, then.
Aim: Terence, wielding a hand axe and wearing a scale mail (chance to defeat MR: 77%) Terence writhes in agony!
You now have 4/5 mp.
Aim: a rat (chance to defeat MR: 83%)
You miscast Pain.
You are very lightly contaminated with residual magic.
Nothing appears to happen.
Terence hits you but does no damage.
You now have 3/5 mp.
Aim: Terence, wielding a hand axe and wearing a scale mail (moderately wounded, chance to defeat MR: 77%) Terence barely resists.
Terence hits you but does no damage.
You now have 2/5 mp.
You hit Terence but do no damage.
Your transformation is almost over.
Terence hits you but does no damage. x2
You hit Terence but do no damage. Terence hits you but does no damage.
You barely miss Terence. Terence hits you but does no damage. x2
Some of the chunks of flesh in your inventory have rotted away.
You barely miss Terence. Terence hits you with a hand axe.
* * * LOW HITPOINT WARNING * * *
You take 1 damage, and have 4/45 hp.
You hit Terence but do no damage. Terence hits you but does no damage.
Terence says, "Rest in peace."
Terence hits you but does no damage.
You hit Terence but do no damage.
There is a sudden explosion of sparks!
You kill Terence!
Your Fighting skill increases to level 3!
You have reached level 4!
You feel less wooden.
Your +0 robe unmelds from your body.
The rat bites you but does no damage.
You now have 3/38 hp.
You barely miss the rat.
You feel yourself speed up. The rat barely misses you. The rat bites you.
You die...

#....##.#..#...#......#.####
#.............<..........(..
#.......#..#............####
#....##.#...............####
#...................##..#...
#...........................
#....####.###...............
#....##...###[.####.##.##.##
#.... #>...@...............
### #...r##..#### # ....
#...?...$... ....
#....##..#### .... #.##.#
.... #. #.# ##. #........#
#........... ####..#@..#.


You could see a rat.

Vanquished Creatures
  Terence (D:2)
  Natasha (D:2)
  A dart slug (D:1)
  A leopard gecko (D:1)
  A giant cockroach (D:1)
  3 goblins (D:1)
  7 hobgoblins (D:1)
  3 bats
  2 frilled lizards
  5 kobolds
  4 rats (D:1)
29 creatures vanquished.

Notes
Turn   | Place    | Note
-------+----------+-------------------------------------------
     0 | D:1      | esc the Hill Orc Necromancer began the quest for the Orb.
     0 | D:1      | Reached XP level 1. HP: 14/14 MP: 3/3
   180 | D:1      | Reached skill level 1 in Fighting
   421 | D:1      | Reached XP level 2. HP: 23/23 MP: 4/4
   453 | D:1      | Reached skill level 2 in Dodging
   756 | D:1      | HP: 6/24 [hobgoblin (4)]
   863 | D:1      | Reached skill level 2 in Fighting
  1136 | D:1      | Reached XP level 3. HP: 27/29 MP: 5/5
  1324 | D:2      | Noticed Natasha
  1326 | D:2      | Noticed Terence
  1335 | D:2      | HP: 3/29 [white imp/puff of frost[Natasha] (10)]
  1339 | D:2      | Gained mutation: You are covered in fur. (AC +1) [potion of beneficial mutation]
  1350 | D:2      | HP: 10/43 [white imp[Natasha] (2)]
  1355 | D:2      | HP: 3/43 [Natasha (3)]
  1356 | D:2      | Killed Natasha
  1365 | D:2      | HP: 4/45 [Terence/hand axe (2)]
  1367 | D:2      | Killed Terence
  1367 | D:2      | Reached skill level 3 in Fighting
  1367 | D:2      | Reached XP level 4. HP: 5/38 MP: 3/6
  1368 | D:2      | Slain by a rat

Vault maps used:
D:1:      mainiacjoe_arrival_reflecting_pool
D:2:      first_bread, uniq_natasha, uniq_terence

Skill      XL: |  1  2  3 |
---------------+----------+-----
Fighting       | 1 2 3 |  3.1
Dodging        | 2 |  2.8
Stealth        | |  1.5
Spellcasting   | |  1.5
Necromancy     | |  4.0

Action                   |  1- 3 |  4- 6 || total
-------------------------+-------+-------++-------
Melee: Short sword       |    91 |       ||    91
       Unarmed           |     2 |       ||     2
       Whip              |    23 |     1 ||    24
 Cast: Pain              |    20 |       ||    20
  Use: Potion            |     3 |       ||     3
       Scroll            |     2 |       ||     2
 Stab: Sleeping          |     5 |       ||     5
  Eat: Chunk             |     2 |       ||     2
Armor: Robe              |    33 |     1 ||    34
       Skin              |    27 |       ||    27
Dodge: Dodged            |    74 |     1 ||    75

Vault maps used:
D:1:      mainiacjoe_arrival_reflecting_pool
D:2:      first_bread, uniq_natasha, uniq_terence

Table legend:
 A = Turns spent in this place as a percentage of turns spent in the entire game.
 B = Non-inter-level travel turns spent in this place as a percentage of non-inter-level travel turns spent in the entire game.
 C = Inter-level travel turns spent in this place as a percentage of turns spent in this place.
 D = Turns resting spent in this place as a percentage of non-inter-level travel turns spent in this place.
 E = Turns spent auto-exploring this place as a percentage of non-inter-level travel turns spent in this place.
 F = Non-inter-level travel turns spent in this place divided by the number of levels of this place that you've seen.
                   A       B       C       D       E      F
               +-------+-------+-------+-------+-------+----------------------
         Total | 100.0 | 100.0 |   0.3 |   3.2 |   7.0 | 172.5
       Dungeon | 100.0 | 100.0 |   0.3 |   3.2 |   7.0 | 172.5
               +-------+-------+-------+-------+-------+----------------------

Table legend:
 A = Kills in this place as a percentage of kills in entire the game.
 B = Kills by you in this place as a percentage of kills by you in the entire game.
 C = Kills by friends in this place as a percentage of kills by friends in the entire game.
 D = Other kills in this place as a percentage of other kills in the entire game.
 E = Experience gained in this place as a percentage of experience gained in the entire game.
 F = Experience gained in this place divided by the number of levels of this place that you have seen.
                   A       B       C       D       E      F
               +-------+-------+-------+-------+-------+----------------------
         Total | 100.0 | 100.0 |  -nan |  -nan | 100.0 |  57.5
       Dungeon | 100.0 | 100.0 |  -nan |  -nan | 100.0 |  57.5
               +-------+-------+-------+-------+-------+----------------------
